 Dungeon Crawl Stone Soup version 0.31-a0-1164-geb876a39b7 (webtiles) character file.

Game seed: 7787070052777261066

56 senseless the Ruffian (level 3, -2/27 HPs)
             Began as a Demonspawn Shapeshifter on Dec 9, 2023.
             Killed by divine providence
             ... invoked by an orc priest
              (17 damage)
             ... on level 4 of the Dungeon.
             The game lasted 00:03:58 (2357 turns).

senseless the Ruffian (Demonspawn Shapeshifter)     Turns: 2357, Time: 00:03:59

Health: -2/27      AC:  6    Str: 16    XL:     3   Next: 71%
Magic:  3/3        EV: 10    Int: 10    God:
Gold:   126        SH:  4    Dex: 12    Spells: 2/2 levels left

rFire   . .          .
                       - Unarmed
rCold   . . .        (no shield)
rNeg    . . .        l - +0 scale mail
rPois   .            (helmet currently unavailable)
rElec   .            (cloak currently unavailable)
rCorr   .            (gloves currently unavailable)
SInv    .            (boots currently unavailable)
Will    .....        (no amulet) Stlth
                     (no ring)
HPRegen 0.24/turn    (no ring)
MPRegen 0.08/turn

%: no passive effects
@: beast-form, weak-willed
A: beast (slay +1), antennae 1, large bone plates 1
a: Begin Untransformation


You were on level 4 of the Dungeon.
You were a hulking beast.
You visited 1 branch of the dungeon, and saw 4 of its levels.

You collected 126 gold pieces.

Inventory:

Missiles
 k - 4 javelins (quivered)
Armour
 a - a +0 animal skin
 l - a +0 scale mail (worn)
Talismans
 c - a beast talisman
 d - a flux talisman
Wands
 u - a wand of polymorph (10)
Scrolls
 v - a scroll of immolation {unknown}
 w - a scroll of enchant weapon {unknown}
Potions
 b - 2 potions of lignification
 e - a potion of attraction {unknown}
 f - 2 potions of haste {unknown}
 h - a potion of brilliance {unknown}
 i - a potion of enlightenment {unknown}
 j - a potion of might {unknown}
 m - a potion of heal wounds {unknown}
 p - a potion of degeneration {unknown}
 r - 2 potions of curing


   Skills:
 * Level 2.0 Fighting
 + Level 0.2 Armour
 + Level 2.3 Dodging
 + Level 3.1 Unarmed Combat
 + Level 3.0 Shapeshifting


You had 2 spell levels left.
You didn't know any spells.
Your spell library contained the following spells:

 Spells                   Type           Power      Damage    Failure   Level
 Kiss of Death            Conj/Necr      0%         2d5       82%         1
 Confusing Touch          Hex            0%         N/A       99%         3
 Dispel Undead            Necr           0%         3d6       100%        4
 Passage of Golubria      Tloc           0%         N/A       100%        4
 Silence                  Hex/Air        0%         N/A       100%        5
 Lehudib's Crystal Spear  Conj/Erth      0%         10d2      100%        8


Dungeon Overview and Level Annotations

Branches:
Dungeon (4/15)
 Temple: D:4-7

Altars:


Innate Abilities, Weirdness & Mutations

You are a hulking beast.
Your limbs bulge with bestial killing power. (Slay +1)
You have a pair of small antennae on your head.
You are partially covered in large bone plates. (SH +4)


Message History

Found 6 stones.
The gnoll sergeant shouts!
The gnoll shouts! x5
The gnoll hits you from afar with a +0 halberd.
A gnoll breaks down the door.
The gnoll hits you from afar with a +0 spear.
Okay, then.
The gnoll closely misses you. You block the gnoll's attack.
There is a broken door here.
The gnoll attacks as it pursues you! The gnoll misses you.
The gnoll attacks as it pursues you!
The gnoll hits you with a +0 whip of electrocution.
Found 15 gold pieces.
You hit the gnoll.
The gnoll is moderately wounded.
The gnoll hits you with a +0 whip of electrocution!
You closely miss the gnoll.
The gnoll is moderately wounded.
The gnoll barely misses you. The gnoll attacks as it pursues you!
The gnoll barely misses you.
An orc comes into view. It is wielding a +0 quarterstaff.
The orc shouts!
You hear a shout!
A giant cockroach comes into view.
The gnoll barely misses you.
An orc comes into view. It is wielding a +0 club.
The orc throws a boomerang.
The boomerang hits you.
An orc comes into view. It is wielding a +0 club.
The gnoll attacks as it pursues you! The gnoll barely misses you.
An orc priest and an orc come into view.
A kobold comes into view. It is wielding a +0 short sword.
The kobold shouts!
The orc barely misses you. You block the orc's attack.
The giant cockroach bites you but does no damage.
You block the giant cockroach's attack. The gnoll closely misses you.
The gnoll sergeant closely misses you.
The giant cockroach bites you but does no damage.
The gnoll barely misses you. x2; The gnoll sergeant closely misses you.
The orc priest invokes the aid of Beogh against you.
Beogh smites you!
Ouch! That really hurt!
You die...

#......#*,**,,,,,,,,*,,,,
****##......#*.#*,,,,,,*,***+*
***,,,.'......##.#******,*,,,,,,
*,,,,,,#....K$.#.# *,***,,,,
**~~~~~~~~~#.o..#.# *,***,,,,
,,~**~~~*#~#..oo#.# *,,,,>,,,
**~*######≈#..oB#.# ******,,,
*~~#.(.#≈≈#.gog#.# *,,,
*~~#.g.#≈≈.g.g.h.# *,,,
*~~#...#≈≈#g###### *,,,
*~*##g###≈#.# *,,, #≈##≈g≈##≈#.#
*,,, #≈≈≈≈.≈≈≈≈#.# *,,,
#####.g.g..g# **** #########


You could see a gnoll sergeant, an orc priest, 4 gnolls, 4 orcs, a giant
cockroach and a kobold.

Vanquished Creatures
  An adder (D:3)
  A worm (D:2)
  6 endoplasms
  A giant cockroach (D:1)
  5 goblins
  5 hobgoblins
  4 jackals (D:1)
  6 kobolds
  3 ball pythons
  2 bats
  2 frilled lizards (D:2)
  2 rats (D:3)
38 creatures vanquished.

Notes
Turn   | Place    | Note
-------+----------+-------------------------------------------
     0 | D:1      | senseless the Demonspawn Shapeshifter began the quest for
                  | the Orb.
     0 | D:1      | Reached XP level 1. HP: 15/15 MP: 1/1
   125 | D:1      | Gained mutation: You have a pair of small antennae on your
                  | head. [demonic ancestry]
   125 | D:1      | Reached XP level 2. HP: 10/21 MP: 2/2
  1453 | D:2      | Gained mutation: You are partially covered in large bone
                  | plates. (SH +4) [demonic ancestry]
  1453 | D:2      | Reached XP level 3. HP: 26/27 MP: 3/3
  2334 | D:4      | Noticed a gnoll sergeant
  2357 | D:4      | Killed from afar by an orc priest

Illustrated notes

Levels and vault maps discovered:
D:1:      doesnt_arrival_eight_statues, layout_loops_corners
D:2:      layout_basic, minmay_misc_feat_pillars,
          wander_ebering_terrifying_dragon_lair, uniq_terence
D:3:      layout_loops_ring
D:4:      layout_basic, serial_shops, shop, lightli_minifort

Skill      XL: |  1  2  3 |
---------------+----------+-----
Dodging        | 2 |  2.3
Unarmed Combat | 3 |  3.1
Shapeshifting  | 3 |  3.0
Fighting       | 2 |  2.0
Armour         | |  0.2

Action                     || total
---------------------------++-------
  Melee: Unarmed           ||   116
    Use: Scroll            ||     6
 Armour: Animal skin       ||    29
         Scale mail        ||    40
  Dodge: Dodged            ||    80
  Block: Other             ||    10

Table legend: (Time is in decaauts)
 A = Elapsed time spent in this place.
 B = Non-inter-level travel time spent in this place.
 C = Inter-level travel time spent in this place.
 D = Time resting spent in this place.
 E = Time spent auto-exploring this place.
 F = Levels seen in this place.
 G = Mean time per level.
                   A        B        C        D        E       F      G
               +--------+--------+--------+--------+--------+-----+--------+
         Total |   2350 |   2199 |    151 |      0 |   1901 |   4 |  587.5 |
       Dungeon |   2350 |   2199 |    151 |      0 |   1901 |   4 |  587.5 |
               +--------+--------+--------+--------+--------+-----+--------+

Top non-repeatable levels by time:
     D:1: 932 daAuts
     D:2: 777 daAuts
     D:3: 611 daAuts
     D:4: 28 daAuts
